 Seeded DCSS version 0.28-a0-823-gb444dcf96d (webtiles) character file.

Game seed: 20211108 (custom seed)

343 a11behringer the Cudgeller (level 6, 0/61 HPs)
             Began as a Troll Berserker on Nov 9, 2021.
             Was a Believer of Trog.
             Slain by an iguana (11 damage)
             ... on level 4 of the Dungeon.
             The game lasted 00:08:24 (2033 turns).

a11behringer the Cudgeller (Troll Berserker)        Turns: 2033, Time: 00:08:25

Health: 0/61       AC:  4    Str: 26    XL:     6   Next: 31%
Magic:  5/5        EV: 10    Int:  3    God:    Trog [**....]
Gold:   128        SH:  0    Dex: 11    Spells: 5/5 levels left

rFire   . . .      SeeInvis .   e - +0 whip
rCold   . . .      Faith    .   (no shield)
rNeg    . . .      Spirit   .   b - +0 animal skin
rPois   .          Reflect  .   (helmet restricted)
rElec   .          Harm     .   (no cloak)
rCorr   .          Rampage  .   (gloves unavailable)
Will    .....                   (boots unavailable)
Stlth   +.........              (no amulet)
HPRegen 1.20/turn               (no ring)
MPRegen 0.09/turn               (no ring)

@: no status effects
A: large, unfitting armour, claws 3, regeneration 1, shaggy fur 1, tough skin 1
a: Renounce Religion, Berserk, Trog's Hand


You were on level 4 of the Dungeon.
You worshipped Trog.
Trog was pleased with you.
You visited 1 branch of the dungeon, and saw 4 of its levels.

You collected 128 gold pieces.

Inventory:

Hand Weapons
 a - a +0 mace
 d - a +2 flail of protection
 e - a +0 whip (weapon)
 i - a +0 giant club
Missiles
 h - 5 large rocks (quivered)
Armour
 b - a +0 animal skin (worn)
Potions
 c - a potion of heal wounds {unknown}
 f - a potion of mutation {unknown}
 g - a potion of attraction {unknown}
 j - a potion of haste {unknown}


   Skills:
 + Level 3.4 Fighting
 * Level 5.0 Maces & Flails
 + Level 3.6 Dodging


You had 5 spell levels left.
You didn't know any spells.
Your spell library was empty.

Dungeon Overview and Level Annotations

Branches:
Dungeon (4/15)
 Temple: D:4-7

Altars:


Innate Abilities, Weirdness & Mutations

You are too large for most types of armour.
You have claws for hands.
Your natural rate of healing is unusually fast.
You are covered in fur. (AC +1)
You have tough skin. (AC +1)


Message History

You kill the kobold!
Trog accepts your kill. The iguana bites you. The iguana completely misses you.
Things that are here:
a +0 whip; a stone; a kobold corpse An iguana comes into view.
The orc hits you with a +0 dagger. The iguana bites you!
You completely miss the orc. The orc barely misses you.
The iguana closely misses you.
You hit the orc but do no damage. The orc hits you with a +0 dagger.
The iguana bites you.
You hit the orc.
The orc is moderately wounded.
The orc hits you but does no damage.
You hit the orc but do no damage.
The orc is moderately wounded.
The iguana bites you but does no damage.
The orc completely misses you.
You barely miss the orc.
The orc is moderately wounded.
The iguana bites you! The orc hits you with a +0 dagger.
You closely miss the orc.
The orc is moderately wounded.
The iguana bites you!
* * * LOW HITPOINT WARNING * * *
You hit the orc.
You kill the orc!
Trog accepts your kill. The iguana bites you!
* * * LOW HITPOINT WARNING * * *
The iguana bites you.
* * * LOW HITPOINT WARNING * * *
The iguana completely misses you.
Things that are here:
a +0 dagger; a +0 leather armour; an orc corpse You closely miss the iguana.
The iguana barely misses you. x2
You barely miss the iguana. The iguana closely misses you.
The iguana bites you!
You die...

##.......# .......
#........# .......
#.......# .......
#...$...## .......
#........# .......
#........## .......
##..........
.......######...†.......
.......@l#.........<....
......l.)†.[...)........
...............†......(.
........#.##............
..........##..###.......
.........###..# #.......
..$............ ........
######.####..#..........
#. #.#.... .....


You could see 2 iguanas.

Vanquished Creatures
  An ogre (D:4)
  2 orc priests (D:3)
  An iguana (D:4)
  An orc wizard (D:3)
  A hound zombie (D:3)
  Robin (D:2)
  5 adders
  2 worms (D:2)
  2 dart slugs
  5 orcs
  2 endoplasms (D:1)
  2 giant cockroaches
  10 goblins
  12 hobgoblins
  2 ball pythons
  7 bats
  5 frilled lizards
  7 kobolds
  5 rats
73 creatures vanquished.

Notes
Turn   | Place    | Note
-------+----------+-------------------------------------------
     0 | D:1      | a11behringer the Troll Berserker began the quest for the
                  | Orb.
     0 | D:1      | Reached XP level 1. HP: 22/22 MP: 0/0
   196 | D:2      | Reached XP level 2. HP: 29/29 MP: 1/1
   206 | D:2      | Reached skill level 3 in Maces & Flails
   362 | D:1      | Reached XP level 3. HP: 36/36 MP: 2/2
   447 | D:1      | Reached ** piety under Trog
   885 | D:2      | Noticed Robin
   926 | D:2      | Killed Robin
   927 | D:2      | Reached XP level 4. HP: 44/44 MP: 3/3
  1206 | D:3      | Found a faded altar of an unknown god.
  1570 | D:3      | Reached skill level 4 in Maces & Flails
  1626 | D:3      | Reached XP level 5. HP: 9/53 MP: 4/4
  1972 | D:4      | Noticed an ogre
  1980 | D:4      | Killed an ogre
  1981 | D:4      | Reached XP level 6. HP: 61/61 MP: 5/5
  1989 | D:4      | Reached skill level 5 in Maces & Flails
  2033 | D:4      | Slain by an iguana

Illustrated notes

Levels and vault maps discovered:
D:1:      heliophobic_arrival_battle_scene, layout_loops_ring, hex_tiny,
          serial_bayou_crossing
D:2:      layout_basic, fountainhead, uniq_robin
D:3:      layout_basic, chequers_ecumenical_altar_simple_redux,
          grunt_ministairs_14
D:4:      layout_rooms

Skill      XL: |  1  2  3  4  5  6 |
---------------+-------------------+-----
Maces & Flails | 3 4 5 |  5.0
Fighting       | 3 |  3.4
Dodging        | 3 |  3.6

Action                   |  1- 3 |  4- 6 || total
-------------------------+-------+-------++-------
Melee: Mace              |    54 |       ||    54
       Whip              |    73 |   130 ||   203
Invok: Berserk           |     2 |     2 ||     4
       Trog's Hand       |     1 |     2 ||     3
  Use: Scroll            |       |     1 ||     1
Armor: Animal skin       |    62 |    57 ||   119
Dodge: Dodged            |    88 |    97 ||   185

Table legend: (Time is in decaauts)
 A = Elapsed time spent in this place.
 B = Non-inter-level travel time spent in this place.
 C = Inter-level travel time spent in this place.
 D = Time resting spent in this place.
 E = Time spent auto-exploring this place.
 F = Levels seen in this place.
 G = Mean time per level.
                   A        B        C        D        E       F      G
               +--------+--------+--------+--------+--------+-----+--------+
         Total |   2070 |   1661 |    409 |      0 |   1176 |   4 |  517.5 |
       Dungeon |   2070 |   1661 |    409 |      0 |   1176 |   4 |  517.5 |
               +--------+--------+--------+--------+--------+-----+--------+

Top non-repeatable levels by time:
     D:3: 847 daAuts
     D:1: 640 daAuts
     D:2: 523 daAuts
     D:4: 58 daAuts
